Map: Neon Violet Square LE

Players

Harstem - Winner!

  • Race: Protoss Protoss
  • Spawn Location: 11:00

HeltEn

  • Race: Terran Terran
  • Spawn Location: 5:00

Event: WCS Leipzig 2018

VOD

Have the link to the VOD?

Description

Time

  • Played on: Jan. 26, 2018, 9:27 a.m.
  • Length: 9:23

All games in this series

Show
View Real Time Build Order
Export as new Build Order

Harstem Protoss - Winner!

Build Orders: 1 Gate Expand, Archon Immortal, Blink Stalkers, Zealot Archon, Dark Templar Rush 

Get SALT Encoding   

  12  0:00  Probe  
  13  0:12  Probe  
  14  0:18  Pylon  
  14  0:25  Probe (Chrono Boost)  
  15  0:37  Probe (Chrono Boost), Gateway  
  16  0:45  Probe (Chrono Boost)  
  17  0:50  Assimilator  
  17  0:51  Probe  
  18  1:03  Probe  
  19  1:15  Probe  
  20  1:25  Nexus  
  20  1:36  Cybernetics Core  
  20  1:38  Probe  
  21  1:45  Assimilator  
  21  1:51  Probe  
  22  1:58  Pylon  
  22  2:03  Probe  
  23  2:14  Stalker (Chrono Boost)  
  23  2:16  Probe, Warp Gate (Chrono Boost)  
  26  2:24  Twilight Council  
  26  2:28  Probe  
  27  2:38  Probe (Chrono Boost)  
  27  2:41  Probe (Chrono Boost)  
  29  2:45  Stalker  
  29  2:50  Probe (Chrono Boost)  
  32  2:53  Probe (Chrono Boost)  
  32  2:57  Probe (Chrono Boost)  
  34  2:58  Probe (Chrono Boost)  
  34  3:03  Dark Shrine  
  34  3:04  Probe  
  36  3:09  Probe  
  37  3:16  Gateway  
  37  3:18  Probe  
  38  3:21  Probe  
  39  3:27  Pylon  
  39  3:30  Probe  
  39  3:33  Probe  
  41  3:42  Probe, Blink (Chrono Boost)  
  41  3:43  Pylon  
  41  3:47  Gateway  
  41  3:48  Probe  
  41  3:52  Shield Battery  
  42  3:57  Probe  
  42  3:58  Gateway  
  42  4:01  Probe  
  44  4:08  Assimilator  
  44  4:09  Probe  
  45  4:13  Stalker  
  45  4:14  Stalker  
  45  4:15  Probe  
  46  4:26  Probe (Chrono Boost)  
  46  4:27  Probe (Chrono Boost)  
  43  4:38  Probe (Chrono Boost)  
  43  4:40  Probe (Chrono Boost), Stalker  
  43  4:42  Probe (Chrono Boost), Stalker  
  48  4:50  Probe (Chrono Boost)  
  48  4:52  Robotics Facility  
  49  4:53  Probe (Chrono Boost)  
  49  4:58  Pylon  
  51  5:02  Probe (Chrono Boost)  
  51  5:03  Probe (Chrono Boost)  
  52  5:07  Probe (Chrono Boost)  
  52  5:11  Probe  
  54  5:19  Probe  
  55  5:21  Nexus  
  55  5:24  Pylon  
  55  5:25  Probe  
  56  5:31  Stalker  
  56  5:32  Probe  
  59  5:41  Observer (Chrono Boost), Forge  
  61  5:43  Forge  
  61  5:45  Probe x2  
  62  5:53  Charge  
  62  5:54  Pylon  
  62  5:55  Observer  
  62  5:56  Sentry  
  62  5:57  Probe  
  65  6:00  Probe  
  67  6:09  Probe  
  68  6:11  Stalker  
  68  6:12  Stalker  
  68  6:13  Probe, Protoss Ground Armor Level 1 (Chrono Boost)  
  68  6:16  Protoss Ground Weapons Level 1 (Chrono Boost)  
  68  6:17  Observer  
  76  6:30  Gateway  
  76  6:32  Gateway  
  74  6:33  Gateway  
  74  6:35  Gateway  
  74  6:36  Probe  
  74  6:39  Sentry  
  77  6:40  Probe  
  77  6:44  Immortal (Chrono Boost)  
  82  6:48  Probe  
  82  6:49  Observer  
  83  6:57  Zealot x2  
  83  6:58  Probe x2, Pylon  
  83  7:01  Observer  
  86  7:11  Probe  
  86  7:13  Immortal (Chrono Boost), Pylon  
  86  7:14  Probe x2, Pylon  
  89  7:19  Zealot x2  
  89  7:21  Pylon  
  97  7:25  Probe  
  97  7:29  Pylon  
  98  7:31  Assimilator  
  98  7:39  Dark Templar  
  98  7:40  Dark Templar x2  
  98  7:41  Dark Templar  
  106  7:49  Archon  
  106  7:50  Zealot x4, Archon  
  114  7:53  Immortal (Chrono Boost), Pylon  
  118  8:11  Zealot  
  118  8:12  Zealot x6  
  132  8:15  Pylon  
  130  8:22  Dark Templar  
  130  8:23  Probe  
  137  8:28  Immortal (Chrono Boost)  
  137  8:33  Pylon  
  137  8:38  Zealot x5  
  147  8:47  Zealot x2  
  149  9:02  Zealot x5  
  125  9:16  Zealot x3  
Show
View Real Time Build Order
Export as new Build Order

HeltEn Terran 

Build Orders: Gas First Reaper Expand, Reaper Expand, MMM Bio 

Get SALT Encoding   

  12  0:00  SCV  
  13  0:12  SCV  
  14  0:17  Supply Depot  
  14  0:25  SCV  
  15  0:29  Refinery  
  15  0:39  SCV  
  16  0:44  Barracks  
  16  0:51  SCV  
  17  1:03  SCV  
  18  1:15  SCV  
  19  1:32  Orbital Command  
  19  1:33  Reaper  
  20  1:58  SCV  
  20  1:59  Command Center  
  20  2:04  Factory  
  20  2:07  Barracks Reactor  
  20  2:11  SCV  
  21  2:18  Refinery  
  21  2:23  SCV  
  21  2:26  Supply Depot  
  22  2:38  SCV  
  23  2:48  Starport  
  24  2:51  SCV  
  24  2:53  Hellion  
  24  2:56  Hellion  
  28  3:03  SCV  
  29  3:12  Orbital Command  
  29  3:15  Hellion  
  29  3:19  Hellion  
  33  3:25  Medivac  
  33  3:27  SCV  
  36  3:34  Barracks Tech Lab  
  35  3:42  Widow Mine  
  35  3:43  Widow Mine  
  35  3:44  SCV x2  
  41  3:48  Engineering Bay  
  41  3:56  SCV x2  
  41  4:00  Stimpack  
  43  4:06  Widow Mine  
  45  4:21  Widow Mine  
  45  4:29  Missile Turret  
  45  4:31  SCV x2  
  45  4:34  Marine, Missile Turret  
  46  4:49  SCV x2  
  46  4:50  Factory Tech Lab  
  46  4:52  Barracks  
  46  4:55  Barracks  
  46  4:59  Supply Depot  
  46  5:00  Marine  
  46  5:04  SCV  
  46  5:06  Terran Infantry Weapons Level 1  
  49  5:11  Siege Tank  
  51  5:16  SCV  
  51  5:17  SCV  
  55  5:21  Marauder  
  55  5:28  Supply Depot  
  55  5:31  Starport Reactor  
  55  5:32  SCV x2  
  55  5:38  Barracks  
  55  5:40  Barracks  
  55  5:44  Siege Tank  
  55  5:49  Marine, Marauder  
  61  5:50  Barracks Tech Lab  
  61  5:52  Marine  
  61  5:53  SCV  
  61  5:55  SCV  
  64  5:59  Supply Depot  
  64  6:09  Marine  
  64  6:10  Marauder  
  67  6:13  Medivac  
  67  6:18  Refinery  
  69  6:19  Refinery, Medivac, Marine  
  69  6:20  Marauder  
  69  6:22  SCV, Supply Depot  
  69  6:23  SCV  
  69  6:25  Siege Tank  
  79  6:30  Marine  
  79  6:31  Supply Depot  
  79  6:32  Marine  
  81  6:33  Supply Depot, Barracks Tech Lab  
  81  6:35  SCV  
  81  6:39  Marine  
  83  6:41  Barracks Reactor  
  83  6:49  Marine x2  
  85  6:54  Marine  
  85  6:55  Marauder  
  85  6:57  Marine  
  85  6:58  SCV x2  
  85  7:00  Terran Infantry Armor Level 1  
  90  7:10  Marine  
  90  7:11  Marauder  
  90  7:15  Supply Depot, Marine x2  
  95  7:16  Supply Depot, Marauder  
  95  7:17  Siege Tank  
  95  7:20  Marine  
  95  7:21  Marine  
  102  7:25  Concussive Shells  
  102  7:26  Combat Shields  
  102  7:36  Marine x2  
  106  7:37  Marauder  
  106  7:41  Medivac  
  106  7:42  Medivac  
  110  7:49  Marine  
  110  7:50  Marauder x2  
  111  8:01  Supply Depot  
  111  8:11  Medivac  
  113  8:14  Marine x2, Marauder  
  113  8:15  Medivac, Marauder  
  121  8:26  Supply Depot  
  121  8:27  Supply Depot  
  121  8:31  Supply Depot  
  121  8:35  Marine x2, Marauder  
  121  8:36  Marauder  
  124  8:48  SCV x2  
Tags
 
Add a new tag
Caveats
  • Supply blocks, unpowered buildings, or Contaminate may cause inaccurate times.
  • Supply counts are checked every 10 seconds.